 Dungeon Crawl Stone Soup version 0.19.1-1-g22dce08 (webtiles) character file.

105 galech the Ducker (level 4, -6/45 HPs)
             Began as a Troll Fighter on Jan 5, 2017.
             Mangled by galech's ghost (16 damage)
             ... on level 3 of the Dungeon.
             The game lasted 00:04:45 (1530 turns).

galech the Ducker (Troll Fighter)                   Turns: 1530, Time: 00:04:46

Health: -6/45      AC:  3    Str: 25    XL:     4   Next: 53%
Magic:  3/3        EV: 11    Int:  4    God:
Gold:   152        SH:  0    Dex: 12    Spells: 0 memorised, 3 levels left

rFire  . . .     SeeInvis .     v - +0 giant club
rCold  . . .     Gourm    +     b - +0 robe
rNeg   . . .     Faith    .     (shield currently unavailable)
rPois  .         Spirit   .     (helmet restricted)
rElec  .         Reflect  .     (no cloak)
rCorr  .         Harm     .     (gloves unavailable)
MR     .....                    (boots unavailable)
Stlth  +.........               (no amulet)
                                i - +3 ring of dexterity
                                j - -2 ring of protection (curse)

@: no status effects
A: unfitting armour, claws 3, fast metabolism 3, gourmand, regeneration 1,
shaggy fur 1, tough skin 2
a: no special abilities


You were on level 3 of the Dungeon.
You were completely stuffed.

You visited 1 branch of the dungeon, and saw 3 of its levels.

You collected 152 gold pieces.

Inventory:

Hand Weapons
 a - a +0 flail
 v - a +0 giant club (weapon)
Armour
 b - a +0 robe (worn)
 c - a +0 shield
Jewellery
 h - an uncursed ring of protection from cold
 i - a +3 ring of dexterity (right claw)
 j - a cursed -2 ring of protection (left claw)
 k - a +2 ring of protection
 q - an uncursed ring of ice {unknown}
 u - an uncursed ring of poison resistance {unknown}
Scrolls
 e - a scroll of fog {unknown}
 l - a scroll of immolation {unknown}
 p - a scroll of blinking {unknown}
 r - a scroll of enchant armour {unknown}
 s - a scroll of teleportation {unknown}
 t - a scroll of remove curse {unknown}
Potions
 d - a potion of might
 g - 2 potions of degeneration {unknown}
 n - 2 potions of curing {unknown}
Comestibles
 f - 4 bread rations
 m - a meat ration
 o - a slice of pizza
 w - a chunk of flesh


   Skills:
 + Level 3.2 Fighting
 + Level 2.5 Maces & Flails
 + Level 3.3 Dodging
 - Level 2.4 Shields


You had 3 spell levels left.
You didn't know any spells.

Dungeon Overview and Level Annotations

Branches:
Dungeon (3/15)

Altars:
The Shining One

Annotations:
D:3 galech's ghost, amateur TrFi


Innate Abilities, Weirdness & Mutations

You are too large for most types of armour.
You have claws for hands.
Your metabolism is lightning-fast.
You like to eat raw meat.
Your natural rate of healing is unusually fast.
You are covered in fur. (AC +1)
You have very tough skin. (AC +2)


Message History

You closely miss galech's ghost.
Galech's ghost is lightly damaged.
Galech's ghost completely misses you. Galech's ghost barely misses you.
You barely miss galech's ghost.
Galech's ghost is lightly damaged.
Galech's ghost closely misses you.
You barely miss galech's ghost.
Galech's ghost is lightly damaged.
Galech's ghost hits you! Galech's ghost closely misses you.
You hit galech's ghost but do no damage.
Galech's ghost misses you.
You barely miss galech's ghost. Galech's ghost misses you.
Galech's ghost hits you.
You closely miss galech's ghost.
Galech's ghost dodges and says, "Too slow!"
Galech's ghost hits you!
You barely miss galech's ghost. Galech's ghost hits you!
* * * LOW HITPOINT WARNING * * *
Galech's ghost hits you!
You die...

#.#
#.#
##.###
#....#
#....#
#....#
#....#
#W...#
##@###
###


You could see galech's ghost.

Vanquished Creatures
  An orc wizard (D:3)
  3 gnolls
  An adder (D:3)
  2 worms
  A leopard gecko (D:2)
  2 orcs (D:3)
  A giant cockroach (D:2)
  7 goblins (D:1)
  A hobgoblin (D:3)
  A quokka (D:2)
  A ball python (D:2)
  5 bats
  A frilled lizard (D:2)
  5 kobolds
  5 rats
37 creatures vanquished.

Notes
Turn   | Place    | Note
-------+----------+-------------------------------------------
     0 | D:1      | galech the Troll Fighter began the quest for the Orb.
     0 | D:1      | Reached XP level 1. HP: 22/22 MP: 0/0
   308 | D:1      | Reached XP level 2. HP: 29/29 MP: 1/1
   726 | D:2      | Reached XP level 3. HP: 32/36 MP: 2/2
  1015 | D:2      | Found a glowing golden altar of the Shining One.
  1356 | D:3      | Reached XP level 4. HP: 45/45 MP: 3/3
  1422 | D:3      | Noticed galech's ghost (amateur TrFi)
  1530 | D:3      | Mangled by galech's ghost

Skill      XL: |  1  2  3 |
---------------+----------+-----
Maces & Flails | 2 |  2.5
Dodging        | 3 |  3.3
Fighting       | 3 |  3.2
Shields        | |  2.4

Action                   |  1- 3 |  4- 6 || total
-------------------------+-------+-------++-------
Melee: Flail             |   130 |       ||   130
       Giant club        |     3 |    31 ||    34
 Stab: Sleeping          |     1 |       ||     1
  Eat: Chunk             |    16 |     4 ||    20
Armor: Robe              |    46 |     7 ||    53
Dodge: Dodged            |    48 |    29 ||    77
Block: Shield            |    68 |       ||    68
